 Dungeon Crawl Stone Soup version 0.28-a0-1365-g7e0445c96d (webtiles) character file.

Game seed: 16440705518263126845

45 Silio the Ruffian (level 3, -2/36 HPs)
             Began as a Troll Monk on Dec 31, 2021.
             Splashed by a jelly's acid (5 damage)
             ... on level 4 of the Dungeon.
             The game lasted 00:07:15 (1013 turns).

Silio the Ruffian (Troll Monk)                      Turns: 1013, Time: 00:07:15

Health: -2/36      AC: -4    Str: 19    XL:     3   Next: 42%
Magic:  2/2        EV: 10    Int:  6    God:
Gold:   79         SH:  0    Dex: 14    Spells: 2/2 levels left

rFire   . . .      SeeInvis .     - Unarmed
rCold   . . .      Faith    .   (no shield)
rNeg    . . .      Spirit   .   a - +0 robe
rPois   .          Reflect  .   (helmet restricted)
rElec   .          Harm     .   (no cloak)
rCorr   .          Rampage  .   (gloves unavailable)
Will    .....                   (boots unavailable)
Stlth   ++........              (no amulet)
HPRegen 0.92/turn               (no ring)
MPRegen 0.08/turn               (no ring)

@: corroded
A: large, unfitting armour, claws 3, regeneration 1, shaggy fur 1, tough skin 1
a: no special abilities


You were on level 4 of the Dungeon.
You visited 1 branch of the dungeon, and saw 3 of its levels.

You collected 79 gold pieces.

Inventory:

Hand Weapons
 d - a +1 falchion of protection
 e - a +4 short sword
Armour
 a - a +0 robe (worn)
Scrolls
 b - a scroll of vulnerability {unknown}
 c - a scroll of enchant armour {unknown}


   Skills:
 + Level 2.8 Fighting
 + Level 2.8 Dodging
 + Level 1.0 Stealth
 + Level 3.6 Unarmed Combat


You had 2 spell levels left.
You didn't know any spells.
Your spell library was empty.

Dungeon Overview and Level Annotations

Branches:
Dungeon (2/15)

Altars:


Innate Abilities, Weirdness & Mutations

You are too large for most types of armour.
You have claws for hands.
Your natural rate of healing is unusually fast.
You are covered in fur. (AC +1)
You have tough skin. (AC +1)


Message History

A scorpion comes into view.
Found a scroll labelled VYADOTZ SUMUOXYPT and a puce potion.
A quokka comes into view.
The endoplasm quivers.
Found 10 gold pieces and a rapier.
The endoplasm hits you but does no damage.
The endoplasm barely misses you.
You scratch the endoplasm but do no damage.
The endoplasm freezes you.
You are frozen.
You scratch the endoplasm.
The endoplasm is almost dead.
The quokka bites you.
You scratch the endoplasm.
You kill the endoplasm!
The quokka bites you but does no damage.
The quokka bites you.
The quokka bites you but does no damage.
You claw the quokka!
You kill the quokka!
The quokka bites you but does no damage.
The jelly completely misses you. The quokka bites you.
The jelly hits you but does no damage.
The quokka bites you but does no damage.
You see here a quokka corpse.
You claw the quokka!
You kill the quokka!
The jelly barely misses you.
You scratch the jelly.
Your claws burn!
The jelly is moderately wounded.
The jelly completely misses you.
You scratch the jelly but do no damage.
Your claws burn!
The jelly is moderately wounded.
The jelly hits you. The acid corrodes you!
You are splashed with acid!
You scratch the jelly.
Your claws burn!
The jelly is moderately wounded.
The jelly hits you.
You are splashed with acid!
* * * LOW HITPOINT WARNING * * *
You scratch the jelly. The acid corrodes you!
Your claws burn!
You die...

#..... ....#
#..J.####...
.........
#...## #...#
##...####.
##.........
#.J......?.
#..@........
#...........#
#..............
##.............
#.........#..
#..........#..
...).$......#
.............


You could see a jelly.

Vanquished Creatures
  A gnoll (D:1)
  5 endoplasms
  A giant cockroach (D:1)
  4 goblins
  A hobgoblin (D:2)
  5 jackals (D:1)
  3 quokkas
  2 ball pythons
  2 bats (D:1)
  A frilled lizard (D:1)
  2 kobolds
  3 rats (D:1)
30 creatures vanquished.

Vanquished Creatures (others)
  2 fungi (D:1)
2 creatures vanquished.

Grand Total: 32 creatures vanquished

Notes
Turn   | Place    | Note
-------+----------+-------------------------------------------
     0 | D:1      | Silio the Troll Monk began the quest for the Orb.
     0 | D:1      | Reached XP level 1. HP: 22/22 MP: 0/0
   301 | D:1      | Reached XP level 2. HP: 29/29 MP: 1/1
   838 | D:1      | Reached XP level 3. HP: 36/36 MP: 2/2
   996 | D:2      | You fall into a shaft and drop 2 floors!
   997 | D:4      | Noticed a scorpion
  1013 | D:4      | Splashed by a jelly's acid

Illustrated notes

Levels and vault maps discovered:
D:1:      dpeg_cavernosity, layout_basic
D:2:      layout_basic, serial_shops, nicolae_shop_crystal, basic_altar,
          serial_bayou_lagoon_a
D:4:      layout_cave_pools, overflow_temple_1_default,
          overflow_temple_1_default, xom_teletrap_fun

Action                   || total
-------------------------++-------
Melee: Unarmed           ||    85
Armor: Robe              ||    27
Dodge: Dodged            ||    40

Table legend: (Time is in decaauts)
 A = Elapsed time spent in this place.
 B = Non-inter-level travel time spent in this place.
 C = Inter-level travel time spent in this place.
 D = Time resting spent in this place.
 E = Time spent auto-exploring this place.
 F = Levels seen in this place.
 G = Mean time per level.
                   A        B        C        D        E       F      G
               +--------+--------+--------+--------+--------+-----+--------+
         Total |   1007 |   1007 |      0 |      0 |      0 |   3 |  335.7 |
       Dungeon |   1007 |   1007 |      0 |      0 |      0 |   3 |  335.7 |
               +--------+--------+--------+--------+--------+-----+--------+

Top non-repeatable levels by time:
     D:1: 901 daAuts
     D:2: 89 daAuts
     D:4: 16 daAuts
